Map: Disco Bloodbath LE

Players

LiquidTLO (TLO) - Winner!

  • Race: Zerg Zerg
  • League: Master
  • Spawn Location: 9:00

soul

  • Race: Terran Terran
  • League: Grandmaster
  • Spawn Location: 3:00

Event: HomeStory Cup XX

VOD

Have the link to the VOD?

Description

Time

  • Played on: Nov. 21, 2019, 7:16 a.m.
  • Length: 12:08

All games in this series

Show
View Real Time Build Order
Export as new Build Order

LiquidTLO Zerg - Winner!

Build Orders: Hatch First, Lurkers 

Get SALT Encoding   

  12  0:00  Drone  
  13  0:13  Overlord  
  13  0:17  Drone  
  14  0:31  Drone x2  
  16  0:48  Hatchery  
  15  0:52  Drone  
  15  0:55  Drone  
  17  0:58  Drone  
  18  1:04  Extractor  
  17  1:13  Spawning Pool  
  17  1:17  Drone  
  17  1:20  Drone  
  18  1:28  Drone  
  19  1:39  Drone  
  20  1:50  Drone  
  21  2:00  Queen x2  
  21  2:01  Overlord  
  25  2:02  Zergling x2  
  25  2:06  Metabolic Boost  
  26  2:11  Drone  
  26  2:13  Drone  
  28  2:28  Hatchery  
  27  2:30  Drone  
  27  2:33  Drone  
  29  2:39  Queen  
  31  2:44  Overlord  
  31  2:47  Drone  
  31  2:49  Drone  
  33  2:51  Drone  
  33  2:54  Drone  
  33  2:56  Drone  
  36  3:09  Drone x2  
  36  3:10  Drone  
  38  3:13  Queen  
  38  3:19  Queen  
  42  3:20  Overlord  
  42  3:25  Zergling x4  
  44  3:34  Overlord  
  44  3:36  Overlord  
  44  3:39  Pneumatized Carapace  
  44  3:40  Overlord  
  44  3:41  Drone  
  45  3:45  Zergling x4  
  45  3:47  Drone  
  49  3:48  Drone  
  49  3:53  Drone  
  49  3:55  Drone x2  
  52  3:59  Drone  
  52  4:00  Drone x2  
  55  4:04  Drone  
  55  4:06  Drone  
  55  4:08  Drone  
  58  4:10  Drone  
  58  4:12  Drone  
  58  4:13  Queen  
  62  4:17  Extractor, Drone  
  62  4:20  Zergling x4  
  64  4:24  Drone  
  64  4:25  Spore Crawler  
  64  4:29  Drone  
  64  4:31  Drone  
  66  4:32  Zergling x8  
  66  4:34  Drone  
  66  4:37  Drone  
  72  4:44  Drone  
  73  4:46  Drone x2  
  73  4:47  Overlord  
  73  4:48  Drone  
  73  4:50  Drone  
  77  4:54  Queen, Spine Crawler  
  77  4:56  Baneling Nest  
  77  5:00  Queen x2  
  77  5:01  Overlord  
  77  5:05  Spore Crawler  
  80  5:09  Drone x2  
  80  5:10  Drone  
  80  5:11  Drone  
  84  5:17  Drone  
  84  5:19  Zergling x2, Drone  
  84  5:21  Drone  
  87  5:22  Drone  
  87  5:23  Zergling x2  
  87  5:24  Zergling x2  
  87  5:27  Drone  
  84  5:30  Zergling x2  
  84  5:33  Zergling x2, Drone  
  84  5:34  Drone  
  79  5:36  Drone x2  
  79  5:37  Zergling x2  
  79  5:40  Drone  
  79  5:42  Drone  
  78  5:43  Drone  
  78  5:46  Drone  
  78  5:47  Drone  
  72  5:51  Drone  
  72  5:55  Lair  
  72  5:56  Drone  
  71  5:58  Drone  
  71  6:03  Drone  
  73  6:07  Evolution Chamber  
  73  6:08  Evolution Chamber  
  73  6:10  Drone x4  
  75  6:15  Drone  
  76  6:20  Drone  
  76  6:21  Drone  
  76  6:23  Drone  
  79  6:26  Drone  
  79  6:27  Hatchery, Drone  
  79  6:28  Drone  
  79  6:29  Overlord  
  79  6:31  Zergling x2  
  82  6:35  Overlord  
  82  6:36  Zergling x2  
  82  6:38  Zergling x2  
  82  6:39  Zerg Ground Armor Level 1  
  84  6:40  Zerg Melee Weapons Level 1  
  84  6:41  Zergling x2  
  84  6:43  Zergling x2  
  84  6:45  Zergling x4  
  84  6:46  Zergling x2  
  89  6:47  Zergling x2  
  89  6:52  Extractor x2  
  89  6:54  Zergling x2  
  89  6:56  Centrifical Hooks  
  89  6:59  Drone x2  
  89  7:00  Drone, Hydralisk Den  
  89  7:01  Drone x2  
  93  7:03  Drone  
  93  7:07  Baneling x3  
  93  7:08  Zergling x8  
  98  7:11  Zergling x4  
  98  7:13  Zergling x4  
  101  7:24  Overlord  
  101  7:32  Overlord x4  
  101  7:36  Muscular Augments  
  98  7:37  Overlord  
  98  7:39  Baneling x6  
  98  7:41  Overlord  
  98  7:42  Extractor, Drone x2  
  98  7:43  Extractor  
  98  7:44  Zergling x2  
  98  7:45  Zergling x10  
  98  7:50  Zergling x2  
  102  7:58  Zergling x2  
  102  8:00  Zergling x2  
  102  8:01  Zergling x2  
  102  8:05  Zergling x2  
  102  8:08  Zergling x2  
  102  8:09  Zergling x2  
  102  8:10  Baneling x12  
  102  8:11  Zergling x14  
  107  8:14  Zergling x2  
  107  8:19  Zergling x4  
  107  8:20  Zergling x4  
  107  8:25  Drone  
  107  8:26  Lurker Den  
  109  8:29  Drone  
  109  8:31  Infestation Pit, Drone x2  
  109  8:32  Drone  
  111  8:35  Drone  
  111  8:38  Drone  
  111  8:40  Zergling x2  
  111  8:41  Zergling x6  
  115  8:45  Zergling x2, Drone  
  115  8:47  Drone  
  115  8:49  Drone  
  115  8:52  Drone  
  115  8:55  Drone  
  112  9:00  Zerg Ground Armor Level 2, Zerg Melee Weapons Level 2  
  112  9:01  Grooved Spines  
  111  9:02  Zergling x2  
  111  9:03  Zergling x4  
  111  9:07  Zergling x2  
  114  9:10  Zergling x2  
  114  9:11  Zergling x4  
  114  9:16  Zergling x2, Hydralisk  
  120  9:17  Hatchery  
  120  9:21  Zergling x2  
  120  9:22  Zergling x6  
  120  9:23  Hydralisk  
  124  9:29  Hive  
  124  9:30  Hydralisk  
  125  9:33  Zergling x2  
  125  9:34  Zergling x6  
  125  9:38  Zergling x2  
  130  9:43  Hydralisk  
  130  9:45  Drone  
  133  9:46  Drone  
  133  9:50  Lurker x2  
  136  9:55  Zergling x2, Drone x2  
  136  9:57  Zergling x12  
  145  10:02  Zergling x2  
  146  10:12  Overlord  
  146  10:16  Zergling x2  
  146  10:17  Zergling x2  
  142  10:21  Zergling x4  
  142  10:23  Hydralisk  
  142  10:24  Zergling x2  
  142  10:25  Zergling x4  
  142  10:27  Seismic Spines  
  142  10:28  Hydralisk  
  142  10:29  Overlord  
  144  10:38  Zergling x2  
  144  10:39  Zergling x4  
  147  10:44  Lurker  
  147  10:45  Viper x3  
  147  10:48  Drone  
  147  10:49  Hatchery, Drone  
  158  10:57  Overseer, Zergling x4  
  158  10:58  Drone x3  
  158  10:59  Drone  
  158  11:00  Lurker, Baneling x3  
  158  11:03  Drone  
  166  11:08  Lurker  
  167  11:13  Extractor  
  167  11:17  Hydralisk  
  167  11:18  Extractor, Hydralisk x2  
  154  11:23  Hydralisk x2  
  154  11:24  Zergling x2, Hydralisk  
  151  11:31  Hydralisk x2  
  149  11:35  Zergling x2  
  149  11:36  Zergling x2  
  149  11:37  Zergling x4  
  149  11:38  Zergling x2  
  140  11:41  Hydralisk  
  140  11:42  Lurker  
  140  11:46  Zergling x2  
  140  11:47  Zergling x4  
Show
View Real Time Build Order
Export as new Build Order

soul Terran 

Build Orders: Gas First Reaper Expand, Liberator Opening 

Get SALT Encoding   

  12  0:00  SCV  
  13  0:12  SCV  
  14  0:17  Supply Depot  
  14  0:24  SCV  
  14  0:28  Refinery  
  15  0:38  SCV  
  16  0:44  Barracks  
  16  0:50  SCV  
  17  1:03  SCV  
  18  1:15  SCV  
  19  1:31  Orbital Command, Reaper  
  20  1:42  Command Center  
  20  1:53  Factory  
  20  1:57  SCV  
  21  2:06  Supply Depot  
  21  2:07  Barracks Reactor  
  21  2:09  SCV  
  21  2:14  Refinery  
  22  2:21  SCV  
  23  2:33  SCV  
  24  2:41  Starport  
  24  2:47  SCV  
  24  2:48  Hellion x2  
  29  2:53  Marine  
  29  2:55  Orbital Command  
  30  2:59  SCV  
  30  3:02  Liberator  
  31  3:09  Hellion  
  31  3:11  SCV  
  33  3:13  Barracks Tech Lab  
  33  3:21  SCV  
  33  3:24  SCV  
  38  3:28  Hellion  
  38  3:33  SCV  
  41  3:36  SCV  
  42  3:41  Supply Depot  
  42  3:45  SCV  
  43  3:48  SCV  
  43  3:53  Stimpack  
  46  3:55  Hellion  
  35  4:02  Medivac  
  46  4:03  Hellion, Supply Depot, SCV x2  
  52  4:12  Armory  
  52  4:15  SCV x2  
  54  4:25  Hellion x2  
  54  4:27  Supply Depot, SCV  
  54  4:30  SCV  
  60  4:40  SCV  
  61  4:46  SCV  
  61  4:47  Command Center  
  61  4:50  Starport Reactor  
  61  4:52  SCV  
  61  4:57  Factory Tech Lab  
  61  4:58  SCV, Barracks  
  62  5:02  Barracks  
  62  5:04  SCV  
  62  5:05  Engineering Bay  
  63  5:08  Engineering Bay  
  63  5:10  SCV  
  64  5:16  SCV  
  64  5:17  Refinery x2  
  65  5:22  SCV  
  65  5:25  Siege Tank  
  67  5:30  SCV  
  67  5:32  Combat Shield  
  63  5:36  SCV  
  63  5:37  Marine  
  63  5:42  SCV  
  62  5:45  Terran Infantry Weapons Level 1  
  62  5:48  Marine, SCV  
  60  5:52  Marine  
  60  5:54  Marine, Starport Reactor, SCV  
  60  5:55  Terran Infantry Armor Level 1  
  58  5:58  Marine x2  
  58  6:01  SCV  
  58  6:02  Orbital Command  
  61  6:06  Marine, SCV  
  61  6:09  Marine, Supply Depot  
  64  6:11  Siege Tank  
  64  6:12  Marine  
  64  6:13  SCV  
  64  6:16  Marine x2  
  64  6:18  SCV  
  72  6:24  Marine  
  72  6:25  SCV  
  74  6:27  Marine  
  74  6:29  Orbital Command  
  74  6:30  Marine, Medivac x2, SCV  
  81  6:34  Marine x2  
  81  6:35  Supply Depot  
  81  6:36  Supply Depot x2  
  81  6:37  Supply Depot, SCV  
  84  6:41  Marine  
  84  6:42  SCV  
  84  6:44  Siege Tank  
  84  6:45  Marine  
  90  6:48  Marine  
  90  6:49  SCV  
  90  6:51  Marine  
  93  6:57  SCV  
  93  6:59  Marine  
  96  7:01  Barracks, SCV  
  96  7:02  Barracks  
  96  7:09  Marine  
  96  7:10  Medivac  
  96  7:11  Medivac, Factory  
  96  7:13  Marine x3  
  104  7:17  Marine  
  104  7:19  SCV  
  104  7:22  SCV  
  107  7:27  Marine  
  108  7:30  Command Center  
  108  7:31  Marine  
  108  7:34  Marine x2  
  111  7:37  Marine  
  111  7:40  Medivac x2, SCV  
  111  7:44  Terran Infantry Weapons Level 2  
  117  7:45  Marine  
  117  7:48  Marine  
  117  7:50  Barracks Reactor  
  117  7:51  Barracks Reactor  
  119  7:57  Marine  
  119  7:58  Marine  
  115  8:14  Marine, Medivac x2  
  115  8:16  Marine  
  115  8:18  Marine x2, Siege Tank  
  125  8:22  Factory Reactor  
  125  8:31  Supply Depot  
  125  8:36  Marine x6, Supply Depot x2  
  125  8:37  Marine  
  119  8:45  Marine x2  
  120  8:49  Refinery x2  
  120  8:50  Widow Mine, SCV  
  120  8:53  Barracks  
  120  8:54  Marine x5, Barracks  
  128  8:57  Barracks  
  128  8:59  Widow Mine x2  
  128  9:01  Medivac x2  
  129  9:06  SCV x2  
  129  9:07  Terran Infantry Armor Level 2  
  131  9:10  SCV  
  131  9:11  Marine  
  131  9:12  Widow Mine  
  135  9:18  SCV x2  
  135  9:20  Widow Mine x2  
  135  9:22  Marine, Missile Turret  
  135  9:23  Missile Turret  
  135  9:24  Missile Turret  
  140  9:28  Planetary Fortress  
  140  9:30  SCV  
  140  9:31  Medivac, SCV x2  
  143  9:37  Marine, Siege Tank  
  149  9:43  SCV x2  
  150  9:47  Sensor Tower  
  150  9:55  Barracks Tech Lab  
  150  9:56  Barracks Tech Lab x2  
  150  9:58  Widow Mine, Command Center  
  150  9:59  Drilling Claws  
  152  10:06  SCV  
  153  10:08  Marine x6, Marauder  
  153  10:13  Supply Depot  
  149  10:35  SCV  
  148  10:36  Supply Depot x2, Missile Turret x2  
  148  10:38  Supply Depot  
  148  10:47  Bunker  
  148  10:48  Bunker  
  148  10:52  Concussive Shells  
  148  10:56  Marine x2  
  148  10:57  Siege Tank, SCV x2  
  155  10:58  Marauder, SCV  
  155  10:59  Supply Depot  
  155  11:01  Supply Depot  
  158  11:11  Siege Tank  
  158  11:14  Marine  
  158  11:15  Marauder  
  150  11:27  Marine  
  150  11:28  Marine, Marauder x2  
  150  11:29  Siege Tank  
  150  11:30  Marine x3  
  147  11:35  Marine x2  
  147  11:37  Marine x2  
  137  11:43  Barracks  
  137  11:44  Barracks x2  
  137  11:45  Marine x2  
  129  11:49  Marine  
Tags
 
Add a new tag
Caveats
  • Supply blocks, unpowered buildings, or Contaminate may cause inaccurate times.
  • Supply counts are checked every 10 seconds.